Senateurs vs Canadiens

Created - April 5, 2021 at 19:46

Goals
1 2 3 T
Senateurs 0 3 2 5
Canadiens 1 1 1 3
Shots
1 2 3 T
Senateurs 7 7 10 24
Canadiens 5 13 15 33

1st period

1. Canadiens , Evgeni Malkin 28 (Chris Kreider 32) at 9:30

Penalties :
No Penalty

2nd period

2. Senateurs , Sidney Crosby 33 (Matt Martin 18, Arturs Kulda 8) at 1:33
3. Senateurs , Cody Franson 9 (Sidney Crosby 53) at 6:54 (PP)
4. Canadiens , Peter Mueller 19 (Greg Stewart 33, Cameron Gaunce 13) at 8:34
5. Senateurs , Sidney Crosby 34 (Sean Bergenheim 38) at 11:26

Penalties :
Cameron Gaunce (Mon) for Interference (Minor) at 2:41, Dustin Boyd (Mon) for Hooking (Minor) at 6:41, Daniel Carcillo (Mon) for Holding (Minor) at 12:55

3rd period

6. Senateurs , Derek Boogaard 23 (Marek Svatos 23, Nick Bjugstad 31) at 11:38 (PP)
7. Canadiens , Chris Kreider 29 (Brady Skjei 33, Evgeni Malkin 37) at 17:56 (PP)
8. Senateurs , Matt Martin 14 (Marek Svatos 24, Maxim Lapierre 22) at 18:09

Penalties :
Arturs Kulda (Ott) for Boarding (Minor) at 1:46, Dave Bolland (Mon) for Holding (Minor) at 11:04, Peter Mueller (Mon) for Interference (Minor) at 12:43, Brian McGrattan (Ott) for High sticking (Minor) at 16:40

Goalie Stats

Viktor Fasth (Ott), 30 saves from 33 shots - (0.909), W, 24-20-3, 60:00 minutes
Kristers Gudlevskis (Mon), 19 saves from 24 shots - (0.792), L, 20-26-8, 60:00 minutes

Players Stats for Senateurs

Player Name              G  A  P  +/- PIM S  H  SB GA TA FO     MP     PP MP  PK MP  
------------------------------------------------------------------------------------
Arturs Kulda             0  1  1   1  2   1  1  0  0  0  0/0    13:53   0:09   0:00 
Brandon Burlon           0  0  0   1  0   0  1  1  0  0  0/0    13:49   0:09   0:00 
Brian McGrattan          0  0  0  -1  2   0  1  0  0  1  0/0    10:03   0:00   0:00 
Cody Franson             1  0  1   1  0   2  2  2  0  0  0/0    27:31   3:51   2:11 
Colby Armstrong          0  0  0   0  0   1  2  0  0  0  0/0    12:55   0:07   0:00 
Derek Boogaard           1  0  1   0  0   2  1  0  0  1  1/3    16:45   3:23   0:59 
Dion Phaneuf             0  0  0   1  0   1  1  1  1  0  0/0    27:31   3:51   2:11 
Eric Gelinas             0  0  0  -1  0   1  1  1  0  1  0/0    18:40   2:44   1:04 
Marek Svatos             0  2  2   1  0   2  3  0  1  0  1/2    15:13   3:23   0:00 
Matt Martin              1  1  2   1  0   1  2  0  1  1  0/0    12:08   0:07   0:28 
Maxim Lapierre           0  1  1   1  0   0  3  0  0  0  3/6    12:54   0:00   0:31 
Nate Prosser             0  0  0  -1  0   0  1  2  0  4  0/0    18:40   2:44   1:04 
Nick Bjugstad            0  1  1   0  0   1  2  0  0  0  2/6    16:00   3:23   0:07 
Peter Regin              0  0  0  -1  0   0  1  0  1  0  1/4     9:42   0:00   0:00 
Reilly Smith             0  0  0   1  0   2  2  2  0  0  0/0    18:43   3:14   0:00 
Sean Bergenheim          0  1  1   1  0   4  1  0  2  0  1/3    21:05   3:14   2:09 
Sergei Kostitsyn         0  0  0  -1  0   0  0  0  0  0  0/0    10:09   0:00   0:07 
Sidney Crosby            2  1  3   1  0   6  2  0  0  0  16/40  21:02   3:21   2:09 

Players Stats for Canadiens

Player Name              G  A  P  +/- PIM S  H  SB GA TA FO     MP     PP MP  PK MP  
------------------------------------------------------------------------------------
Brady Skjei              0  1  1  -2  0   4  0  1  0  1  0/0    25:46   1:59   2:40 
Brett Maclean            0  0  0   0  0   0  1  0  0  0  0/0     7:21   0:00   0:09 
Bryce Lampman            0  0  0   0  0   0  3  2  0  0  0/0    20:09   1:16   2:25 
Cameron Gaunce           0  1  1   1  2   0  0  0  0  0  0/0    14:07   1:16   0:00 
Chris Kreider            1  1  2  -1  0   6  0  0  2  0  1/1    20:10   2:02   1:53 
Daniel Carcillo          0  0  0  -1  2   3  2  2  0  1  1/2    15:07   0:00   2:55 
Dave Bolland             0  0  0  -1  2   4  1  0  1  0  4/10   14:05   0:00   2:33 
Dustin Boyd              0  0  0   0  2   1  1  0  0  1  7/8    11:00   0:00   3:44 
Evgeni Malkin            1  1  2  -1  0   3  2  0  0  0  15/24  18:50   2:02   0:27 
Greg Stewart             0  1  1   1  0   2  0  0  2  0  1/1    17:45   1:13   1:47 
Jordan Szwarz            0  0  0  -1  0   1  3  0  0  1  0/0    12:46   1:13   0:00 
Mark Stuart              0  0  0   0  0   1  1  1  1  0  0/0    20:08   0:00   3:50 
Peter Mueller            1  0  1   1  2   3  2  0  0  0  10/15  16:02   1:13   0:00 
Philip Larsen            0  0  0   1  0   1  1  0  1  0  0/0    12:50   0:00   0:14 
Pierre-Marc Bouchard     0  0  0   0  0   1  0  0  0  0  0/0     7:22   0:06   0:00 
Steve Downie             0  0  0   1  0   0  1  0  1  1  0/0    14:46   0:00   0:00 
Tom Wilson               0  0  0  -1  0   1  3  0  0  0  0/3    17:42   1:56   0:00 
Travis Hamonic           0  0  0  -2  0   2  0  0  0  1  0/0    27:15   1:59   4:19 

3 Stars

1 - Sidney Crosby (Ott)
2 - Matt Martin (Ott)
3 - Marek Svatos (Ott)

Power Play

Senateurs - 2 on 5 Attempt(s) - 40.00%
Canadiens - 1 on 2 Attempt(s) - 50.00%

Penalty Kill

Senateurs - 1 on 2 Attempt(s) - 50.00% - Score 0 goal in Penalty Kill
Canadiens - 3 on 5 Attempt(s) - 60.00% - Score 0 goal in Penalty Kill

Team Stat

Senateurs - Hits : 27 - Faceoff Wins : 25 - Blocked Shots : 9 - Penalty Minutes : 4
Canadiens - Hits : 21 - Faceoff Wins : 39 - Blocked Shots : 6 - Penalty Minutes : 10

Official

Referees : Unknown
Linesman : Unknown

Game Notes

No Game Note

Finance

Level 1 -- Attendance: 5499 (91.65%) -- Ticket Income $560,898
Level 2 -- Attendance: 4634 (92.68%) -- Ticket Income $305,844
Level 3 -- Attendance: 1873 (93.65%) -- Ticket Income $78,666
Level 4 -- Attendance: 3484 (87.10%) -- Ticket Income $97,552
Luxury Box -- Attendance: 1000 (100.00%) -- Ticket Income $182,000
Game was played at the Centre Bell.
Total Attendance: 16490 (91.61%)
Total Ticket Income: $1,224,960
Other Income: $183,744
Total Income: $1,408,704

Senateurs

5 vs 5 Forward 
   Center                   Left Wing                Right Wing               Time % Phy DF OF 
 1 Sidney Crosby            Sean Bergenheim          Reilly Smith             40     1   2  2  
 2 Nick Bjugstad            Derek Boogaard           Colby Armstrong          30     1   2  2  
 3 Maxim Lapierre           Matt Martin              Marek Svatos             20     1   2  2  
 4 Peter Regin              Sergei Kostitsyn         Brian McGrattan          10     1   2  2  

5 vs 5 Defense 
   Defense                  Defense                                           Time % Phy DF OF 
 1 Dion Phaneuf             Cody Franson                                      40     1   2  2  
 2 Eric Gelinas             Nate Prosser                                      30     1   2  2  
 3 Brandon Burlon           Arturs Kulda                                      20     1   2  2  
 4 Dion Phaneuf             Cody Franson                                      10     1   2  2  

PowerPlay Forward 
   Center                   Left Wing                Right Wing               Time % Phy DF OF 
 1 Sidney Crosby            Sean Bergenheim          Reilly Smith             60     1   2  2  
 2 Nick Bjugstad            Derek Boogaard           Marek Svatos             40     1   2  2  

PowerPlay Defense
   Defense                  Defense                                           Time % Phy DF OF 
 1 Dion Phaneuf             Cody Franson                                      60     1   2  2  
 2 Eric Gelinas             Nate Prosser                                      40     1   2  2  

Penalty Kill 4 Players Forward 
   Center                   Wing                     Time % Phy DF OF 
 1 Sidney Crosby            Sean Bergenheim          60     1   2  2  
 2 Derek Boogaard           Matt Martin              40     1   2  2  

Penalty Kill 4 Players Defense
   Defense                  Defense                  Time % Phy DF OF 
 1 Dion Phaneuf             Cody Franson             60     1   2  2  
 2 Eric Gelinas             Nate Prosser             40     1   2  2  

Penalty Kill - 3 Players Forward 
   Forward                                           Time % Phy DF OF 
 1 Sidney Crosby                                     60     1   2  2  
 2 Sean Bergenheim                                   40     1   2  2  

Penalty Kill - 3 Players Defense
   Defense                  Defense                  Time % Phy DF OF 
 1 Dion Phaneuf             Cody Franson             60     1   2  2  
 2 Eric Gelinas             Nate Prosser             40     1   2  2  

4 vs 4 Forward 
   Center                   Wing                     Time % Phy DF OF 
 1 Sidney Crosby            Sean Bergenheim          60     1   2  2  
 2 Derek Boogaard           Matt Martin              40     1   2  2  

4 vs 4 Defense
   Defense                  Defense                  Time % Phy DF OF 
 1 Dion Phaneuf             Cody Franson             60     1   2  2  
 2 Eric Gelinas             Nate Prosser             40     1   2  2  

Last Minutes Offensive
   Center                   Left Wing                Right Wing               Defense                  Defense                  
   Sidney Crosby            Sean Bergenheim          Colby Armstrong          Dion Phaneuf             Cody Franson             

Last Minutes Defensive
   Center                   Left Wing                Right Wing               Defense                  Defense                  
   Sidney Crosby            Sean Bergenheim          Colby Armstrong          Dion Phaneuf             Cody Franson             

Goaltenders
Starting : Viktor Fasth             
Backup : Jonas Hiller             

Extra Forwards
Normal : Sidney Crosby, Marek Svatos, Maxim Lapierre - PP : Matt Martin, Colby Armstrong - PK : Maxim Lapierre
Extra Defensemen
Normal : Brandon Burlon, Arturs Kulda, Eric Gelinas - PP : Brandon Burlon - PK : Arturs Kulda, Eric Gelinas
Penalty Shots
Sidney Crosby, Sean Bergenheim, Derek Boogaard, Matt Martin, Colby Armstrong

Scratches
Matt Moulson (Healthy), Anthony Bitetto (Healthy)

Canadiens

5 vs 5 Forward 
   Center                   Left Wing                Right Wing               Time % Phy DF OF 
 1 Evgeni Malkin            Chris Kreider            Tom Wilson               40     0   2  3  
 2 Peter Mueller            Greg Stewart             Steve Downie             30     0   2  3  
 3 Dave Bolland             Daniel Carcillo          Jordan Szwarz            20     0   2  3  
 4 Dustin Boyd              Brett Maclean            Pierre-Marc Bouchard     10     0   2  3  

5 vs 5 Defense 
   Defense                  Defense                                           Time % Phy DF OF 
 1 Brady Skjei              Travis Hamonic                                    40     0   2  3  
 2 Mark Stuart              Bryce Lampman                                     30     1   2  2  
 3 Philip Larsen            Cameron Gaunce                                    20     1   2  2  
 4 Brady Skjei              Travis Hamonic                                    10     1   2  2  

PowerPlay Forward 
   Center                   Left Wing                Right Wing               Time % Phy DF OF 
 1 Evgeni Malkin            Chris Kreider            Tom Wilson               60     0   1  4  
 2 Peter Mueller            Greg Stewart             Jordan Szwarz            40     0   1  4  

PowerPlay Defense
   Defense                  Defense                                           Time % Phy DF OF 
 1 Travis Hamonic           Brady Skjei                                       60     0   1  4  
 2 Bryce Lampman            Cameron Gaunce                                    40     0   0  5  

Penalty Kill 4 Players Forward 
   Center                   Wing                     Time % Phy DF OF 
 1 Dustin Boyd              Daniel Carcillo          60     1   4  0  
 2 Dave Bolland             Greg Stewart             40     1   4  0  

Penalty Kill 4 Players Defense
   Defense                  Defense                  Time % Phy DF OF 
 1 Mark Stuart              Travis Hamonic           60     1   4  0  
 2 Bryce Lampman            Brady Skjei              40     1   4  0  

Penalty Kill - 3 Players Forward 
   Forward                                           Time % Phy DF OF 
 1 Evgeni Malkin                                     60     0   5  0  
 2 Dustin Boyd                                       40     0   5  0  

Penalty Kill - 3 Players Defense
   Defense                  Defense                  Time % Phy DF OF 
 1 Mark Stuart              Bryce Lampman            60     0   5  0  
 2 Travis Hamonic           Philip Larsen            40     0   5  0  

4 vs 4 Forward 
   Center                   Wing                     Time % Phy DF OF 
 1 Evgeni Malkin            Chris Kreider            60     0   2  3  
 2 Dave Bolland             Daniel Carcillo          40     0   2  3  

4 vs 4 Defense
   Defense                  Defense                  Time % Phy DF OF 
 1 Mark Stuart              Philip Larsen            60     1   2  2  
 2 Cameron Gaunce           Bryce Lampman            40     1   2  2  

Last Minutes Offensive
   Center                   Left Wing                Right Wing               Defense                  Defense                  
   Evgeni Malkin            Chris Kreider            Steve Downie             Brady Skjei              Travis Hamonic           

Last Minutes Defensive
   Center                   Left Wing                Right Wing               Defense                  Defense                  
   Evgeni Malkin            Chris Kreider            Steve Downie             Bryce Lampman            Mark Stuart              

Goaltenders
Starting : Kristers Gudlevskis      
Backup : Allen York               

Extra Forwards
Normal : Evgeni Malkin, Chris Kreider, Tom Wilson - PP : Evgeni Malkin, Chris Kreider - PK : Daniel Carcillo
Extra Defensemen
Normal : Brady Skjei, Travis Hamonic, Bryce Lampman - PP : Brady Skjei - PK : Travis Hamonic, Mark Stuart
Penalty Shots
Evgeni Malkin, Chris Kreider, Daniel Carcillo, Greg Stewart, Tom Wilson

Scratches
Nikolai Zherdev (Healthy), Viktor Stalberg (Healthy), Nick Spaling (Healthy)

% Time on Ice - Senateurs

Lines # - Real PCT - Wanted PCT - Time Play
Normal Forward
1 - 31% - 40% - 15:34
2 - 27% - 30% - 13:19
3 - 23% - 20% - 11:33
4 - 19% - 10% - 9:35
Normal Defense
1 - 39% - 40% - 19:43
2 - 30% - 30% - 14:52
3 - 27% - 20% - 13:17
4 - 4% - 10% - 2:09
PP Forward
1 - 50% - 60% - 3:21
2 - 50% - 40% - 3:23
PP Defense
1 - 59% - 60% - 4:00
2 - 41% - 40% - 2:44
PK Forward
1 - 86% - 60% - 2:47
2 - 14% - 40% - 0:28
PK Defense
1 - 67% - 60% - 2:11
2 - 33% - 40% - 1:04
PK3 Forward
1 - 0% - 60%
2 - 0% - 40%
PK3 Defense
1 - 0% - 60%
2 - 0% - 40%
44 Forward
1 - 0% - 60%
2 - 0% - 40%
44 Defense
1 - 0% - 60%
2 - 0% - 40%
Last Minute Offensive  - 0:00
Last Minute Defensive  - 0:00
Total
Forward - 60:00
Defense - 60:00

% Time on Ice - Canadiens

Lines # - Real PCT - Wanted PCT - Time Play
Normal Forward
1 - 33% - 40% - 16:26
2 - 30% - 30% - 14:50
3 - 23% - 20% - 11:33
4 - 14% - 10% - 7:12
Normal Defense
1 - 37% - 40% - 18:43
2 - 33% - 30% - 16:28
3 - 25% - 20% - 12:36
4 - 4% - 10% - 2:14
PP Forward
1 - 63% - 60% - 2:02
2 - 37% - 40% - 1:13
PP Defense
1 - 61% - 60% - 1:59
2 - 39% - 40% - 1:16
PK Forward
1 - 85% - 60% - 5:45
2 - 15% - 40% - 0:59
PK Defense
1 - 64% - 60% - 4:19
2 - 36% - 40% - 2:25
PK3 Forward
1 - 0% - 60%
2 - 0% - 40%
PK3 Defense
1 - 0% - 60%
2 - 0% - 40%
44 Forward
1 - 0% - 60%
2 - 0% - 40%
44 Defense
1 - 0% - 60%
2 - 0% - 40%
Last Minute Offensive  - 0:00
Last Minute Defensive  - 0:00
Total
Forward - 60:00
Defense - 60:00

Play-by-Play

1st period


0:01 of 1st period - Sidney Crosby wins face-off versus Evgeni Malkin in neutral zone.
0:06 of 1st period - Snap shot by Sidney Crosby.
0:06 of 1st period - Shot Misses the Net.
0:08 of 1st period - Snap shot by Sean Bergenheim.
0:08 of 1st period - Shot Misses the Net.
0:10 of 1st period - Slapshot by Sidney Crosby.
0:10 of 1st period - Stopped by Kristers Gudlevskis with a rebound.
0:14 of 1st period - Wrist shot by Sean Bergenheim.
0:14 of 1st period - Stopped by Kristers Gudlevskis without a rebound.
0:15 of 1st period - Greg Stewart wins face-off versus Nick Bjugstad in Canadiens zone.
0:32 of 1st period - Wrist shot by Steve Downie.
0:32 of 1st period - Shot Misses the Net.
0:50 of 1st period - Snap shot by Daniel Carcillo.
0:50 of 1st period - Stopped by Viktor Fasth without a rebound.
0:51 of 1st period - Sidney Crosby wins face-off versus Tom Wilson in Senateurs zone.
0:57 of 1st period - Off-side.
0:58 of 1st period - Sidney Crosby wins face-off versus Evgeni Malkin in neutral zone.
1:07 of 1st period - Snap shot by Sean Bergenheim.
1:07 of 1st period - Stopped by Kristers Gudlevskis without a rebound.
1:08 of 1st period - Dustin Boyd wins face-off versus Peter Regin in Canadiens zone.
2:48 of 1st period - Slapshot by Peter Regin.
2:48 of 1st period - Shot Misses the Net.
2:50 of 1st period - Slapshot by Nate Prosser.
2:50 of 1st period - Shot Misses the Net.
3:31 of 1st period - Icing by Nick Bjugstad.
3:32 of 1st period - Peter Mueller wins face-off versus Nick Bjugstad in Senateurs zone.
3:59 of 1st period - Slapshot by Chris Kreider.
3:59 of 1st period - Shot Blocked by Dion Phaneuf.
4:07 of 1st period - Backhand shot by Sidney Crosby.
4:07 of 1st period - Stopped by Kristers Gudlevskis without a rebound.
4:08 of 1st period - Chris Kreider wins face-off versus Marek Svatos in Canadiens zone.
4:34 of 1st period - Icing by Marek Svatos.
4:35 of 1st period - Peter Mueller wins face-off versus Sidney Crosby in Senateurs zone.
4:47 of 1st period - Snap shot by Greg Stewart.
4:47 of 1st period - Deflect By Eric Gelinas.
4:47 of 1st period - Shot Misses the Net.
4:47 of 1st period - Puck is out of play.
4:48 of 1st period - Evgeni Malkin wins face-off versus Sidney Crosby in Senateurs zone.
5:05 of 1st period - Travis Hamonic is hit by Sidney Crosby and loses puck.
5:26 of 1st period - Wrist shot by Derek Boogaard.
5:26 of 1st period - Deflect By Dave Bolland.
5:26 of 1st period - Shot Misses the Net.
5:26 of 1st period - Puck is out of play.
5:27 of 1st period - Peter Mueller wins face-off versus Maxim Lapierre in Canadiens zone.
5:27 of 1st period - Peter Mueller is hit by Marek Svatos.
5:39 of 1st period - Snap shot by Greg Stewart.
5:39 of 1st period - Shot Hit the Post.
5:58 of 1st period - Off-side.
5:59 of 1st period - Evgeni Malkin wins face-off versus Sean Bergenheim in neutral zone.
6:24 of 1st period - Nick Bjugstad is hit by Evgeni Malkin.
7:43 of 1st period - Travis Hamonic is hit by Sean Bergenheim and loses puck.
7:56 of 1st period - Wrist shot by Nick Bjugstad.
7:56 of 1st period - Deflect By Colby Armstrong.
7:56 of 1st period - Shot Misses the Net.
7:56 of 1st period - Puck is out of play.
7:57 of 1st period - Dave Bolland wins face-off versus Nick Bjugstad in Canadiens zone.
7:57 of 1st period - Dave Bolland is hit by Nick Bjugstad.
8:11 of 1st period - Snap shot by Jordan Szwarz.
8:11 of 1st period - Deflect By Daniel Carcillo.
8:11 of 1st period - Shot Misses the Net.
8:11 of 1st period - Puck is out of play.
8:12 of 1st period - Evgeni Malkin wins face-off versus Sidney Crosby in Senateurs zone.
8:39 of 1st period - Dion Phaneuf is hit by Daniel Carcillo and loses puck.
9:12 of 1st period - Snap shot by Colby Armstrong.
9:12 of 1st period - Shot Misses the Net.
9:14 of 1st period - Slapshot by Arturs Kulda.
9:14 of 1st period - Deflect By Dave Bolland.
9:14 of 1st period - Stopped by Kristers Gudlevskis without a rebound.
9:15 of 1st period - Evgeni Malkin wins face-off versus Sidney Crosby in Canadiens zone.
9:30 of 1st period - Wrist shot by Evgeni Malkin.
9:30 of 1st period - Goal by Evgeni Malkin - Senateurs : 0 - Canadiens : 1.
9:31 of 1st period - Sidney Crosby wins face-off versus Peter Mueller in neutral zone.
10:27 of 1st period - Wrist shot by Jordan Szwarz.
10:27 of 1st period - Shot Misses the Net.
10:29 of 1st period - Snap shot by Dave Bolland.
10:29 of 1st period - Stopped by Viktor Fasth without a rebound.
10:30 of 1st period - Peter Mueller wins face-off versus Sidney Crosby in Senateurs zone.
10:37 of 1st period - Wrist shot by Greg Stewart.
10:37 of 1st period - Shot Blocked by Nate Prosser.
10:45 of 1st period - Snap shot by Steve Downie.
10:45 of 1st period - Shot Blocked by Reilly Smith.
11:03 of 1st period - Wrist shot by Evgeni Malkin.
11:03 of 1st period - Stopped by Viktor Fasth with a rebound.
11:05 of 1st period - Snap shot by Evgeni Malkin.
11:05 of 1st period - Shot Blocked by Eric Gelinas.
11:07 of 1st period - Wrist shot by Chris Kreider.
11:07 of 1st period - Shot Blocked by Nate Prosser.
11:19 of 1st period - Snap shot by Nick Bjugstad.
11:19 of 1st period - Shot Misses the Net.
11:57 of 1st period - Nate Prosser is hit by Evgeni Malkin and loses puck.
12:24 of 1st period - Snap shot by Greg Stewart.
12:24 of 1st period - Stopped by Viktor Fasth without a rebound.
12:25 of 1st period - Peter Mueller wins face-off versus Derek Boogaard in Senateurs zone.
12:28 of 1st period - Snap shot by Greg Stewart.
12:28 of 1st period - Shot Misses the Net.
13:57 of 1st period - Icing by Jordan Szwarz.
13:58 of 1st period - Peter Mueller wins face-off versus Sidney Crosby in Canadiens zone.
14:13 of 1st period - Reilly Smith is hit by Steve Downie and loses puck.
14:54 of 1st period - Brady Skjei is hit by Arturs Kulda and loses puck.
15:07 of 1st period - Mark Stuart is hit by Maxim Lapierre and loses puck.
15:13 of 1st period - Icing by Mark Stuart.
15:14 of 1st period - Daniel Carcillo wins face-off versus Sidney Crosby in Canadiens zone.
15:19 of 1st period - Reilly Smith is hit by Jordan Szwarz and loses puck.
16:12 of 1st period - Snap shot by Peter Regin.
16:12 of 1st period - Shot Blocked by Bryce Lampman.
16:14 of 1st period - Snap shot by Dion Phaneuf.
16:14 of 1st period - Deflect By Peter Regin.
16:14 of 1st period - Shot Misses the Net.
16:14 of 1st period - Puck is out of play.
16:15 of 1st period - Dustin Boyd wins face-off versus Sidney Crosby in Canadiens zone.
16:20 of 1st period - Slapshot by Brady Skjei.
16:20 of 1st period - Shot Misses the Net.
16:42 of 1st period - Tom Wilson is hit by Nick Bjugstad and loses puck.
17:04 of 1st period - Off-side.
17:05 of 1st period - Peter Mueller wins face-off versus Maxim Lapierre in neutral zone.
18:29 of 1st period - Snap shot by Marek Svatos.
18:29 of 1st period - Stopped by Kristers Gudlevskis without a rebound.
18:30 of 1st period - Sidney Crosby wins face-off versus Tom Wilson in Canadiens zone.
18:37 of 1st period - Snap shot by Sean Bergenheim.
18:37 of 1st period - Stopped by Kristers Gudlevskis with a rebound.
18:57 of 1st period - Dave Bolland is hit by Colby Armstrong and loses puck.
Goals for this period are 0 for Senateurs vs 1 for Canadiens.
Shots for this period are 7 for Senateurs vs 5 for Canadiens.

2nd period


0:01 of 2nd period - Evgeni Malkin wins face-off versus Sidney Crosby in neutral zone.
0:06 of 2nd period - Snap shot by Evgeni Malkin.
0:06 of 2nd period - Shot Misses the Net.
0:08 of 2nd period - Slapshot by Tom Wilson.
0:08 of 2nd period - Stopped by Viktor Fasth with a rebound.
0:26 of 2nd period - Peter Mueller is hit by Cody Franson and loses puck.
1:13 of 2nd period - Slapshot by Travis Hamonic.
1:13 of 2nd period - Deflect By Pierre-Marc Bouchard.
1:13 of 2nd period - Stopped by Viktor Fasth with a rebound.
1:33 of 2nd period - Snap shot by Sidney Crosby.
1:33 of 2nd period - Goal by Sidney Crosby - Senateurs : 1 - Canadiens : 1.
1:34 of 2nd period - Evgeni Malkin wins face-off versus Sidney Crosby in neutral zone.
1:43 of 2nd period - Slapshot by Dion Phaneuf.
1:43 of 2nd period - Shot Misses the Net.
2:23 of 2nd period - Slapshot by Cody Franson.
2:23 of 2nd period - Deflect By Dave Bolland.
2:23 of 2nd period - Stopped by Kristers Gudlevskis with a rebound.
2:41 of 2nd period - Minor Penalty to Cameron Gaunce for Interference.
2:42 of 2nd period - Dustin Boyd wins face-off versus Sean Bergenheim in Canadiens zone.
2:51 of 2nd period - Snap shot by Sean Bergenheim.
2:51 of 2nd period - Shot Misses the Net.
2:53 of 2nd period - Slapshot by Eric Gelinas.
2:53 of 2nd period - Deflect By Sidney Crosby.
2:53 of 2nd period - Shot Blocked by Mark Stuart.
2:53 of 2nd period - Puck is out of play.
2:54 of 2nd period - Sidney Crosby wins face-off versus Dustin Boyd in Canadiens zone.
2:55 of 2nd period - Wrist shot by Reilly Smith.
2:55 of 2nd period - Stopped by Kristers Gudlevskis without a rebound.
2:56 of 2nd period - Dustin Boyd wins face-off versus Sidney Crosby in Canadiens zone.
3:54 of 2nd period - Snap shot by Derek Boogaard.
3:54 of 2nd period - Shot Blocked by Bryce Lampman.
4:41 of 2nd period - Penalty to Cameron Gaunce is over, Cameron Gaunce is back on ice.
4:56 of 2nd period - Snap shot by Chris Kreider.
4:56 of 2nd period - Stopped by Viktor Fasth without a rebound.
4:57 of 2nd period - Peter Regin wins face-off versus Peter Mueller in Senateurs zone.
4:57 of 2nd period - Peter Regin is hit by Philip Larsen.
5:23 of 2nd period - Philip Larsen is hit by Reilly Smith and loses puck.
5:36 of 2nd period - Snap shot by Sean Bergenheim.
5:36 of 2nd period - Stopped by Kristers Gudlevskis without a rebound.
5:37 of 2nd period - Evgeni Malkin wins face-off versus Sidney Crosby in Canadiens zone.
5:46 of 2nd period - Wrist shot by Chris Kreider.
5:46 of 2nd period - Stopped by Viktor Fasth with a rebound.
5:48 of 2nd period - Snap shot by Chris Kreider.
5:48 of 2nd period - Shot Misses the Net.
5:50 of 2nd period - Snap shot by Chris Kreider.
5:50 of 2nd period - Stopped by Viktor Fasth with a rebound.
5:52 of 2nd period - Snap shot by Chris Kreider.
5:52 of 2nd period - Shot Misses the Net.
6:02 of 2nd period - Travis Hamonic is hit by Brandon Burlon and loses puck.
6:23 of 2nd period - Bryce Lampman is hit by Maxim Lapierre and loses puck.
6:41 of 2nd period - Minor Penalty to Dustin Boyd for Hooking.
6:42 of 2nd period - Dave Bolland wins face-off versus Sidney Crosby in Canadiens zone.
6:50 of 2nd period - Off-side.
6:51 of 2nd period - Sidney Crosby wins face-off versus Dave Bolland in neutral zone.
6:54 of 2nd period - Slapshot by Cody Franson.
6:54 of 2nd period - Deflect By Travis Hamonic.
6:54 of 2nd period - Goal by Cody Franson - Senateurs : 2 - Canadiens : 1.
6:55 of 2nd period - Sidney Crosby wins face-off versus Evgeni Malkin in neutral zone.
7:10 of 2nd period - Off-side.
7:11 of 2nd period - Peter Mueller wins face-off versus Derek Boogaard in neutral zone.
7:37 of 2nd period - Sidney Crosby is hit by Tom Wilson and loses puck.
8:06 of 2nd period - Dave Bolland is hit by Maxim Lapierre and loses puck.
8:13 of 2nd period - Marek Svatos is hit by Jordan Szwarz and loses puck.
8:34 of 2nd period - Snap shot by Peter Mueller.
8:34 of 2nd period - Goal by Peter Mueller - Senateurs : 2 - Canadiens : 2.
8:35 of 2nd period - Evgeni Malkin wins face-off versus Sidney Crosby in neutral zone.
9:07 of 2nd period - Slapshot by Brady Skjei.
9:07 of 2nd period - Stopped by Viktor Fasth with a rebound.
9:41 of 2nd period - Sergei Kostitsyn is hit by Bryce Lampman.
10:26 of 2nd period - Snap shot by Sidney Crosby.
10:26 of 2nd period - Shot Misses the Net.
10:48 of 2nd period - Wrist shot by Jordan Szwarz.
10:48 of 2nd period - Stopped by Viktor Fasth without a rebound.
10:49 of 2nd period - Nick Bjugstad wins face-off versus Dave Bolland in Senateurs zone.
10:53 of 2nd period - Eric Gelinas is hit by Bryce Lampman and loses puck.
11:02 of 2nd period - Wrist shot by Dave Bolland.
11:02 of 2nd period - Stopped by Viktor Fasth without a rebound.
11:03 of 2nd period - Sidney Crosby wins face-off versus Tom Wilson in Senateurs zone.
11:14 of 2nd period - Slapshot by Sean Bergenheim.
11:14 of 2nd period - Shot Misses the Net.
11:16 of 2nd period - Slapshot by Dion Phaneuf.
11:16 of 2nd period - Stopped by Kristers Gudlevskis without a rebound.
11:17 of 2nd period - Sidney Crosby wins face-off versus Evgeni Malkin in Canadiens zone.
11:26 of 2nd period - Wrist shot by Sidney Crosby.
11:26 of 2nd period - Goal by Sidney Crosby - Senateurs : 3 - Canadiens : 2.
11:27 of 2nd period - Evgeni Malkin wins face-off versus Sidney Crosby in neutral zone.
11:43 of 2nd period - Wrist shot by Evgeni Malkin.
11:43 of 2nd period - Stopped by Viktor Fasth with a rebound.
12:44 of 2nd period - Snap shot by Jordan Szwarz.
12:44 of 2nd period - Shot Misses the Net.
12:55 of 2nd period - Minor Penalty to Daniel Carcillo for Holding.
12:56 of 2nd period - Dustin Boyd wins face-off versus Sidney Crosby in Canadiens zone.
13:31 of 2nd period - Snap shot by Derek Boogaard.
13:31 of 2nd period - Shot Misses the Net.
14:55 of 2nd period - Penalty to Daniel Carcillo is over, Daniel Carcillo is back on ice.
15:44 of 2nd period - Nick Bjugstad is hit by Daniel Carcillo and loses puck.
16:34 of 2nd period - Greg Stewart is hit by Marek Svatos and loses puck.
16:53 of 2nd period - Sergei Kostitsyn is hit by Jordan Szwarz and loses puck.
17:38 of 2nd period - Arturs Kulda is hit by Mark Stuart and loses puck.
17:58 of 2nd period - Dion Phaneuf is hit by Dustin Boyd and loses puck.
18:09 of 2nd period - Tom Wilson is hit by Sidney Crosby and loses puck.
18:28 of 2nd period - Icing by Jordan Szwarz.
18:29 of 2nd period - Sidney Crosby wins face-off versus Dave Bolland in Canadiens zone.
18:38 of 2nd period - Snap shot by Dave Bolland.
18:38 of 2nd period - Stopped by Viktor Fasth with a rebound.
18:40 of 2nd period - Wrist shot by Dave Bolland.
18:40 of 2nd period - Stopped by Viktor Fasth without a rebound.
18:41 of 2nd period - Evgeni Malkin wins face-off versus Nick Bjugstad in Senateurs zone.
18:42 of 2nd period - Snap shot by Chris Kreider.
18:42 of 2nd period - Shot Misses the Net.
18:56 of 2nd period - Snap shot by Nick Bjugstad.
18:56 of 2nd period - Shot Misses the Net.
19:06 of 2nd period - Tom Wilson is hit by Eric Gelinas.
19:12 of 2nd period - Slapshot by Chris Kreider.
19:12 of 2nd period - Stopped by Viktor Fasth without a rebound.
19:13 of 2nd period - Marek Svatos wins face-off versus Peter Mueller in Senateurs zone.
19:49 of 2nd period - Off-side.
19:50 of 2nd period - Sidney Crosby wins face-off versus Daniel Carcillo in neutral zone.
Goals for this period are 3 for Senateurs vs 1 for Canadiens.
Shots for this period are 7 for Senateurs vs 13 for Canadiens.

3rd period


0:01 of 3rd period - Sean Bergenheim wins face-off versus Evgeni Malkin in neutral zone.
1:32 of 3rd period - Wrist shot by Derek Boogaard.
1:32 of 3rd period - Stopped by Kristers Gudlevskis with a rebound.
1:46 of 3rd period - Minor Penalty to Arturs Kulda for Boarding.
1:47 of 3rd period - Sidney Crosby wins face-off versus Evgeni Malkin in Senateurs zone.
2:37 of 3rd period - Bryce Lampman is hit by Matt Martin and loses puck.
3:46 of 3rd period - Penalty to Arturs Kulda is over, Arturs Kulda is back on ice.
4:04 of 3rd period - Snap shot by Dustin Boyd.
4:04 of 3rd period - Stopped by Viktor Fasth with a rebound.
4:11 of 3rd period - Icing by Brandon Burlon.
4:12 of 3rd period - Dave Bolland wins face-off versus Peter Regin in Senateurs zone.
4:27 of 3rd period - Icing by Arturs Kulda.
4:28 of 3rd period - Evgeni Malkin wins face-off versus Peter Regin in Senateurs zone.
4:43 of 3rd period - Snap shot by Sergei Kostitsyn.
4:43 of 3rd period - Shot Misses the Net.
4:54 of 3rd period - Evgeni Malkin is hit by Brian McGrattan and loses puck.
5:38 of 3rd period - Snap shot by Evgeni Malkin.
5:38 of 3rd period - Shot Blocked by Brandon Burlon.
5:40 of 3rd period - Slapshot by Chris Kreider.
5:40 of 3rd period - Shot Misses the Net.
5:56 of 3rd period - Snap shot by Chris Kreider.
5:56 of 3rd period - Shot Misses the Net.
6:04 of 3rd period - Backhand shot by Chris Kreider.
6:04 of 3rd period - Shot Misses the Net.
6:06 of 3rd period - Backhand shot by Chris Kreider.
6:06 of 3rd period - Shot Misses the Net.
6:08 of 3rd period - Backhand shot by Philip Larsen.
6:08 of 3rd period - Stopped by Viktor Fasth without a rebound.
6:09 of 3rd period - Peter Mueller wins face-off versus Sidney Crosby in Senateurs zone.
6:18 of 3rd period - Wrist shot by Peter Mueller.
6:18 of 3rd period - Shot Blocked by Cody Franson.
6:26 of 3rd period - Wrist shot by Steve Downie.
6:26 of 3rd period - Deflect By Greg Stewart.
6:26 of 3rd period - Stopped by Viktor Fasth with a rebound.
6:36 of 3rd period - Travis Hamonic is hit by Cody Franson and loses puck.
6:46 of 3rd period - Wrist shot by Colby Armstrong.
6:46 of 3rd period - Stopped by Kristers Gudlevskis with a rebound.
6:58 of 3rd period - Nate Prosser is hit by Brett Maclean and loses puck.
7:05 of 3rd period - Eric Gelinas is hit by Bryce Lampman and loses puck.
7:12 of 3rd period - Mark Stuart is hit by Nate Prosser and loses puck.
7:27 of 3rd period - Snap shot by Reilly Smith.
7:27 of 3rd period - Shot Misses the Net.
8:21 of 3rd period - Maxim Lapierre is hit by Dave Bolland and loses puck.
9:35 of 3rd period - Derek Boogaard is hit by Tom Wilson.
10:06 of 3rd period - Bryce Lampman is hit by Peter Regin and loses puck.
10:54 of 3rd period - Slapshot by Brady Skjei.
10:54 of 3rd period - Shot Misses the Net.
11:04 of 3rd period - Minor Penalty to Dave Bolland for Holding.
11:05 of 3rd period - Dustin Boyd wins face-off versus Sidney Crosby in Canadiens zone.
11:36 of 3rd period - Snap shot by Marek Svatos.
11:36 of 3rd period - Stopped by Kristers Gudlevskis with a rebound.
11:38 of 3rd period - Snap shot by Derek Boogaard.
11:38 of 3rd period - Goal by Derek Boogaard - Senateurs : 4 - Canadiens : 2.
11:39 of 3rd period - Sidney Crosby wins face-off versus Evgeni Malkin in neutral zone.
11:42 of 3rd period - Chris Kreider is hit by Reilly Smith and loses puck.
11:47 of 3rd period - Snap shot by Sidney Crosby.
11:47 of 3rd period - Stopped by Kristers Gudlevskis with a rebound.
11:49 of 3rd period - Wrist shot by Sidney Crosby.
11:49 of 3rd period - Deflect By Reilly Smith.
11:49 of 3rd period - Stopped by Kristers Gudlevskis with a rebound.
11:51 of 3rd period - Snap shot by Sidney Crosby.
11:51 of 3rd period - Stopped by Kristers Gudlevskis without a rebound.
11:52 of 3rd period - Evgeni Malkin wins face-off versus Sidney Crosby in Canadiens zone.
11:52 of 3rd period - Evgeni Malkin is hit by Dion Phaneuf.
12:23 of 3rd period - Snap shot by Chris Kreider.
12:23 of 3rd period - Shot Misses the Net.
12:25 of 3rd period - Slapshot by Mark Stuart.
12:25 of 3rd period - Shot Misses the Net.
12:27 of 3rd period - Backhand shot by Mark Stuart.
12:27 of 3rd period - Stopped by Viktor Fasth without a rebound.
12:28 of 3rd period - Peter Mueller wins face-off versus Sidney Crosby in Senateurs zone.
12:31 of 3rd period - Slapshot by Greg Stewart.
12:31 of 3rd period - Deflect By Peter Mueller.
12:31 of 3rd period - Stopped by Viktor Fasth with a rebound.
12:33 of 3rd period - Snap shot by Peter Mueller.
12:33 of 3rd period - Stopped by Viktor Fasth without a rebound.
12:34 of 3rd period - Sidney Crosby wins face-off versus Peter Mueller in Senateurs zone.
12:34 of 3rd period - Sidney Crosby is hit by Peter Mueller.
12:43 of 3rd period - Minor Penalty to Peter Mueller for Interference.
12:44 of 3rd period - Dustin Boyd wins face-off versus Sidney Crosby in Canadiens zone.
13:11 of 3rd period - Dave Bolland is hit by Marek Svatos and loses puck.
14:43 of 3rd period - Penalty to Peter Mueller is over, Peter Mueller is back on ice.
15:18 of 3rd period - Cameron Gaunce is hit by Derek Boogaard.
16:40 of 3rd period - Minor Penalty to Brian McGrattan for High sticking.
16:41 of 3rd period - Evgeni Malkin wins face-off versus Sidney Crosby in Senateurs zone.
16:41 of 3rd period - Snap shot by Chris Kreider.
16:41 of 3rd period - Stopped by Viktor Fasth without a rebound.
16:42 of 3rd period - Evgeni Malkin wins face-off versus Sidney Crosby in Senateurs zone.
16:57 of 3rd period - Snap shot by Chris Kreider.
16:57 of 3rd period - Shot Misses the Net.
17:07 of 3rd period - Sean Bergenheim is hit by Peter Mueller and loses puck.
17:14 of 3rd period - Wrist shot by Greg Stewart.
17:14 of 3rd period - Shot Misses the Net.
17:16 of 3rd period - Backhand shot by Jordan Szwarz.
17:16 of 3rd period - Shot Blocked by Cody Franson.
17:18 of 3rd period - Wrist shot by Travis Hamonic.
17:18 of 3rd period - Deflect By Sidney Crosby.
17:18 of 3rd period - Stopped by Viktor Fasth without a rebound.
17:19 of 3rd period - Sidney Crosby wins face-off versus Evgeni Malkin in Senateurs zone.
17:32 of 3rd period - Slapshot by Brady Skjei.
17:32 of 3rd period - Stopped by Viktor Fasth without a rebound.
17:33 of 3rd period - Derek Boogaard wins face-off versus Evgeni Malkin in Senateurs zone.
17:46 of 3rd period - Slapshot by Brady Skjei.
17:46 of 3rd period - Stopped by Viktor Fasth without a rebound.
17:47 of 3rd period - Evgeni Malkin wins face-off versus Sidney Crosby in Senateurs zone.
17:50 of 3rd period - Wrist shot by Chris Kreider.
17:50 of 3rd period - Shot Misses the Net.
17:52 of 3rd period - Slapshot by Brady Skjei.
17:52 of 3rd period - Shot Misses the Net.
17:54 of 3rd period - Slapshot by Brady Skjei.
17:54 of 3rd period - Deflect By Cody Franson.
17:54 of 3rd period - Stopped by Viktor Fasth with a rebound.
17:56 of 3rd period - Snap shot by Chris Kreider.
17:56 of 3rd period - Goal by Chris Kreider - Senateurs : 4 - Canadiens : 3.
17:57 of 3rd period - Maxim Lapierre wins face-off versus Dave Bolland in neutral zone.
18:02 of 3rd period - Snap shot by Matt Martin.
18:02 of 3rd period - Shot Blocked by Daniel Carcillo.
18:05 of 3rd period - Icing by Brady Skjei.
18:06 of 3rd period - Maxim Lapierre wins face-off versus Dave Bolland in Canadiens zone.
18:09 of 3rd period - Snap shot by Matt Martin.
18:09 of 3rd period - Goal by Matt Martin - Senateurs : 5 - Canadiens : 3.
18:10 of 3rd period - Maxim Lapierre wins face-off versus Dave Bolland in neutral zone.
18:23 of 3rd period - Wrist shot by Maxim Lapierre.
18:23 of 3rd period - Shot Blocked by Daniel Carcillo.
18:25 of 3rd period - Backhand shot by Cody Franson.
18:25 of 3rd period - Shot Misses the Net.
18:37 of 3rd period - Sidney Crosby is hit by Tom Wilson and loses puck.
18:44 of 3rd period - Wrist shot by Evgeni Malkin.
18:44 of 3rd period - Shot Misses the Net.
18:46 of 3rd period - Wrist shot by Tom Wilson.
18:46 of 3rd period - Shot Blocked by Reilly Smith.
19:07 of 3rd period - Wrist shot by Nick Bjugstad.
19:07 of 3rd period - Stopped by Kristers Gudlevskis without a rebound.
19:08 of 3rd period - Dave Bolland wins face-off versus Maxim Lapierre in Canadiens zone.
19:08 of 3rd period - Dave Bolland is hit by Matt Martin.
19:20 of 3rd period - Snap shot by Daniel Carcillo.
19:20 of 3rd period - Stopped by Viktor Fasth with a rebound.
19:22 of 3rd period - Slapshot by Travis Hamonic.
19:22 of 3rd period - Stopped by Viktor Fasth with a rebound.
19:24 of 3rd period - Slapshot by Daniel Carcillo.
19:24 of 3rd period - Stopped by Viktor Fasth with a rebound.
19:38 of 3rd period - Wrist shot by Nick Bjugstad.
19:38 of 3rd period - Shot Blocked by Brady Skjei.
19:40 of 3rd period - Snap shot by Colby Armstrong.
19:40 of 3rd period - Shot Misses the Net.
19:42 of 3rd period - Slapshot by Eric Gelinas.
19:42 of 3rd period - Stopped by Kristers Gudlevskis without a rebound.
19:43 of 3rd period - Nick Bjugstad wins face-off versus Peter Mueller in Canadiens zone.
19:50 of 3rd period - Mark Stuart is hit by Colby Armstrong and loses puck.
Goals for this period are 2 for Senateurs vs 1 for Canadiens.
Shots for this period are 10 for Senateurs vs 15 for Canadiens.